 Dungeon Crawl Stone Soup version 0.27-a0-1565-gad902ab807 (webtiles) character file.

Game seed: 6438663102971260950

1246 mordus the Magician (level 8, -11/57 HPs)
             Began as a Djinni Fire Elementalist on July 16, 2021.
             Mangled by a two-headed ogre (14 damage)
             ... on level 5 of the Dungeon.
             The game lasted 00:23:18 (5916 turns).

mordus the Magician (Djinni Fire Elementalist)      Turns: 5916, Time: 00:23:18

Health: -11/57     AC:  7    Str:  7    XL:     8   Next: 79%
Gold:   847        EV: 12    Int: 24    God:
                   SH:  0    Dex: 14

rFire    + + .     SeeInvis .   f - +8 dagger of Lycaluom {distort, rC+ Int+3}
rCold    . . .     Faith    .   (no shield)
rNeg     . . .     Spirit   .   c - +1 troll leather armour {Purgy}
rPois    ∞         Reflect  .   (helmet restricted)
rElec    .         Harm     .   (no cloak)
rCorr    .         Rampage  .   (no gloves)
Will     .....                  (boots unavailable)
Stlth    ++........             (no amulet)
HPRegen  1.19/turn              (no ring)
MPRegen  0.00/turn              (no ring)

@: flying, studying 2 skills
A: sickness immunity, fire resistance 2, cold vulnerability 1, float, innate
caster, hp casting, extra vitality 1, antennae 1, iridescent scales 1, clever 1
a: no special abilities


You were on level 5 of the Dungeon.
You visited 1 branch of the dungeon, and saw 5 of its levels.
You also visited: Sewer.

You collected 1000 gold pieces.
You spent 153 gold pieces at shops.

Inventory:

Hand Weapons
 f - the +8 dagger of Lycaluom (weapon) {distort, rC+ Int+3}
   (You bought it in a shop on level 4 of the Dungeon)

   It warps and distorts space around it, and may blink, banish, or inflict
   extra damage upon those it strikes.
   Unwielding it can cause banishment or high damage.
   Int:       It affects your intelligence (+3).
   rC:        It protects you from cold.
 j - a +0 hunting sling
 m - a +2 dagger of venom
Missiles
 k - 202 stones
Armour
 a - a +0 robe
 c - a +1 troll leather armour (worn) {Purgy}
 r - the +0 leather armour of Suc Nupn {-Tele *Corrode rElec rC++}
   (You found it in a sewer)

   rC:        It greatly protects you from cold.
   rElec:     It insulates you from electricity.
   -Tele:     It prevents most forms of teleportation.
   *Corrode:  It may corrode you when you take damage.
 w - the +6 scale mail of Limitation {*Slow rC+ rN+ Dex+2}
   (You found it on level 4 of the Dungeon)

   Dex:       It affects your dexterity (+2).
   rC:        It protects you from cold.
   rN:        It protects you from negative energy.
   *Slow:     It may slow you when you take damage.
 x - a +0 helmet
 y - the +1 ring mail of Gluttony {Harm rF+++ Int-2 Stlth+}
   (You found it on level 4 of the Dungeon)

   Int:       It affects your intelligence (-2).
   rF:        It renders you almost immune to fire.
   Harm:      It increases damage dealt and taken.
   Stlth:     It makes you more stealthy.
Jewellery
 u - a ring of ice
Wands
 h - a wand of mindburst (7)
Scrolls
 b - a scroll of amnesia {unknown}
 e - a scroll of summoning {unknown}
 g - 3 scrolls of identify
 n - a scroll of magic mapping
 q - 2 scrolls of teleportation
 t - a scroll of enchant weapon
Potions
 d - 5 potions of heal wounds
 i - 2 potions of invisibility
 l - 2 potions of curing {unknown}


   Skills:
 + Level 3.6 Fighting
 * Level 2.3 Short Blades
 - Level 2.2 Slings
 - Level 4.0 Armour
 - Level 4.2 Dodging
 - Level 1.5 Stealth
 * Level 5.8 Spellcasting


You couldn't memorise any spells.
You knew the following spells:

 Your Spells              Type           Power      Damage    Failure   Level
a - Foxfire               Conj/Fire      100%       2x1d9     1%          1
b - Conjure Flame         Conj/Fire      35%        6-21      3%          3
c - Inner Flame           Hex/Fire       35%        N/A       3%          3
d - Sticky Flame          Conj/Fire      35%        2d5       11%         4
e - Fireball              Conj/Fire      17%        3d9       30%         5
f - Apportation           Tloc           70%        N/A       1%          1
g - Ensorcelled Hibernat  Hex/Ice        70%        N/A       1%          2
h - Wereblood             Tmut           35%        N/A       1%          2
Your spell library was empty.

Dungeon Overview and Level Annotations

Branches:
Dungeon (5/15)              Sewer (visited)
 Temple: D:4-7

Altars:
Elyvilon
Makhleb
Okawaru
Ru
Trog
Yredelemnul

Shops:
D:4 *!??=

Annotations:
D:3 1 runed translucent door, blackman's ghost, amateur HuFE


Innate Abilities, Weirdness & Mutations

You are immune to sickness and miasma.
You are immune to poison.
Your flesh is very heat resistant. (rF++)
You are vulnerable to cold. (rC-)
You float through the air rather than walking.
You learn spells naturally, not from books.
Your magical power is your life essence.
You have superior vitality. (+4 HP)
You have a pair of small antennae on your head.
You are partially covered in iridescent scales. (AC +2)
Your mind is acute. (Int +2)


Message History

The two-headed ogre is moderately wounded.
The two-headed ogre hits you with a +0 giant club!
The two-headed ogre hits you with a +0 giant spiked club!!
You hit the two-headed ogre.
The two-headed ogre is heavily wounded.
The two-headed ogre blinks!
Casting: Foxfire (safe; 1% risk of failure)
Confirm with . or Enter, or press ? or * to list all spells.
You conjure some foxfire!
The foxfire hits the two-headed ogre.
The two-headed ogre is heavily wounded.
The foxfire hits the two-headed ogre!
The two-headed ogre is severely wounded.
Casting: Foxfire (safe; 1% risk of failure)
Confirm with . or Enter, or press ? or * to list all spells.
You conjure some foxfire!
The foxfire hits the two-headed ogre.
The two-headed ogre is severely wounded.
The foxfire hits the two-headed ogre but does no damage.
The two-headed ogre is severely wounded.
You barely miss the two-headed ogre.
The two-headed ogre is severely wounded.
The two-headed ogre barely misses you. x2
You hit the two-headed ogre.
The two-headed ogre is severely wounded.
Casting: Foxfire (safe; 1% risk of failure)
Confirm with . or Enter, or press ? or * to list all spells.
You conjure some foxfire!
The two-headed ogre hits you with a +0 giant club!
The two-headed ogre hits you with a +0 giant spiked club!!
* * * LOW HITPOINT WARNING * * *
You hit the two-headed ogre.
Space bends around the two-headed ogre.
The two-headed ogre is almost dead.
The foxfire hits the two-headed ogre but does no damage.
The two-headed ogre is almost dead.
The foxfire hits the two-headed ogre.
The two-headed ogre is almost dead.
The two-headed ogre closely misses you.
The two-headed ogre hits you with a +0 giant spiked club!
You die...

#.##.#
#.##.#
#.##.#
#.##.#
#.##.#
#.##.#
#.##.#
#.##.#####
#...@....#
####O###.#
#.# #.#
... .....
##...##
##.## #.<


You could see a two-headed ogre.

Vanquished Creatures
  Duvessa (D:4)
  Purgy (Sewer)
  An ogre (D:4)
  A scorpion (D:5)
  Dowan (D:4)
  A wyvern zombie (D:5)
  A water moccasin skeleton (D:4)
  A howler monkey (D:5)
  A jelly (D:5)
  A hound (D:3)
  An orc priest (D:4)
  2 gnoll shamans (D:4)
  A bullfrog skeleton (D:5)
  6 orc wizards
  A scorpion zombie (D:5)
  2 iguanas
  Terence (D:3)
  A hound skeleton (D:4)
  3 adders
  13 gnolls
  An ufetubus (D:3)
  An adder skeleton (D:3)
  3 worms
  15 orcs
  3 endoplasms
  2 giant cockroaches
  7 goblins
  10 hobgoblins
  7 jackals
  7 kobolds
  2 quokkas (D:5)
  7 ball pythons
  3 bats (D:1)
  8 frilled lizards
  2 rats (D:2)
119 creatures vanquished.

Vanquished Creatures (others)
  362 foxfires
362 creatures vanquished.

Grand Total: 481 creatures vanquished

Notes
Turn   | Place    | Note
-------+----------+-------------------------------------------
     0 | D:1      | mordus the Djinni Fire Elementalist began the quest for the
                  | Orb.
     0 | D:1      | Reached XP level 1. HP: 15/15 MP: 0/0
   223 | D:1      | Reached XP level 2. HP: 17/22 MP: 0/0
   816 | D:1      | Reached skill level 1 in Fighting
   816 | D:1      | Reached XP level 3. HP: 26/27 MP: 0/0
   816 | D:1      | Learned a level 1 spell: Apportation
   954 | D:1      | You are sucked into a shaft and drop 1 floor!
  1068 | D:2      | Reached skill level 3 in Spellcasting
  1793 | D:2      | Reached XP level 4. HP: 31/32 MP: 0/0
  1913 | D:1      | Found a faded altar of an unknown god.
  2648 | D:3      | Noticed Terence
  2660 | D:3      | Killed Terence
  2803 | D:3      | Found a glowing drain.
  2832 | Sewer    | Entered a sewer
  3071 | Sewer    | Noticed Purgy
  3087 | Sewer    | Killed Purgy
  3088 | Sewer    | Reached XP level 5. HP: 34/39 MP: 0/0
  3088 | Sewer    | Learned a level 2 spell: Ensorcelled Hibernation
  3267 | Sewer    | Identified the +0 leather armour of Suc Nupn {-Tele
                  | *Corrode rElec rC++}
  3294 | D:3      | Reached XP level 6. HP: 45/45 MP: 0/0
  3303 | D:3      | Found a white marble altar of Elyvilon.
  3479 | D:3      | Reached skill level 1 in Slings
  3492 | D:3      | Reached skill level 1 in Armour
  3525 | D:3      | Found a bloodstained altar of Trog.
  3608 | D:3      | Found a basalt altar of Yredelemnul.
  3697 | D:3      | Found a runed translucent door.
  3698 | D:3      | Noticed blackman's ghost (amateur HuFE)
  3762 | D:3      | Found an iron altar of Okawaru.
  3993 | D:4      | Noticed Duvessa
  3993 | D:4      | Noticed Dowan
  4029 | D:4      | Found Kautip's Magic Scroll Shoppe.
  4286 | D:5      | Entered Level 5 of the Dungeon
  4371 | D:5      | Reached XP level 7. HP: 42/50 MP: 0/0
  4371 | D:5      | Learned a level 2 spell: Wereblood
  4372 | D:5      | Noticed a two-headed ogre
  4381 | D:5      | HP: 2/50 [two-headed ogre (21)]
  4434 | D:4      | Found Olikyrch's Jewellery Boutique.
  4453 | D:4      | Reached skill level 4 in Spellcasting
  4454 | D:4      | Identified the +6 scale mail of Limitation {*Slow rC+ rN+
                  | Dex+2}
  4576 | D:4      | Found a burning altar of Makhleb.
  4719 | D:4      | Identified the +1 ring mail of Gluttony {Harm rF+++ Int-2
                  | Stlth+}
  4894 | D:4      | Found a sacrificial altar of Ru.
  4918 | D:4      | Found Laompoyc's Distillery.
  4933 | D:4      | Bought a potion of degeneration for 13 gold pieces
  4955 | D:4      | Reached XP level 8. HP: 56/56 MP: 0/0
  4961 | D:4      | Found Hodyvutz's Magic Scroll Emporium.
  5049 | D:4      | HP: 2/56 [Dowan/puff of frost (15)]
  5100 | D:3      | Identified 2 scrolls of acquirement
  5100 | D:3      | Acquired a manual of Spellcasting
  5102 | D:3      | Acquired 781 gold pieces
  5111 | D:3      | Gained mutation: You tend to lose your temper in combat.
                  | [potion of mutation]
  5111 | D:3      | Gained mutation: You have a pair of small antennae on your
                  | head. [potion of mutation]
  5111 | D:3      | Gained mutation: You expend health (3 HP) to strengthen
                  | your wands. [potion of mutation]
  5112 | D:3      | Lost mutation: You expend health (3 HP) to strengthen your
                  | wands. [potion of mutation]
  5112 | D:3      | Lost mutation: You tend to lose your temper in combat.
                  | [potion of mutation]
  5112 | D:3      | Gained mutation: You are partially covered in iridescent
                  | scales. (AC +2) [potion of mutation]
  5112 | D:3      | Gained mutation: Your mind is acute. (Int +2) [potion of
                  | mutation]
  5424 | D:4      | Found Orir Dao's Assorted Antiques.
  5432 | D:4      | Bought an iridescent dagger for 140 gold pieces
  5432 | D:4      | Identified the +8 dagger of Lycaluom {distort, rC+ Int+3}
                  | (You bought it in a shop on level 4 of the Dungeon)
  5498 | D:4      | Killed Duvessa
  5499 | D:4      | Reached skill level 5 in Spellcasting
  5503 | D:4      | Killed Dowan
  5504 | D:4      | Reached skill level 1 in Short Blades
  5915 | D:5      | HP: 2/57 [two-headed ogre (18)]
  5916 | D:5      | Mangled by a two-headed ogre

Illustrated notes

Levels and vault maps discovered:
D:1:      amcnicky_arrival_blooded_trapdoor, layout_basic,
          hellmonk_ecumenical_altar_zigzags
D:2:      layout_loops_corners
D:3:      layout_basic, kennysheep_ying_yang, okawaru_altar_gauntlet_db,
          lemuel_crystal_altar, cheibrodos_sewer_entry_drain,
          hellmonk_ghost_happy_afterlife, minmay_misc_feat_diagonals,
          uniq_terence
D:4:      layout_cave_pods, mainiacjoe_overflow_chevrons,
          nicolae_ru_path_of_blood, serial_shops, shop_statue, shop, shop, shop,
          shop, kennysheep_small_square, uniq_duvessa
D:5:      layout_loops_ring, minmay_misc_feat_doors, minmay_manual_mail,
          uniq_ijyb, uniq_blork_the_orc

Skill      XL: |  1  2  3  4  5  6  7  8 |
---------------+-------------------------+-----
Fighting       | 1 2 3 |  3.6
Spellcasting   | 3 4 5 |  5.8
Dodging        | 3 4 |  4.2
Slings         | 1 2 |  2.2
Armour         | 1 3 4 |  4.0
Short Blades   | 2 |  2.3
Stealth        | |  1.5

Action                   |  1- 3 |  4- 6 |  7- 9 || total
-------------------------+-------+-------+-------++-------
Melee: Dagger            |    12 |    62 |   110 ||   184
       Unarmed           |     1 |       |       ||     1
 Cast: Foxfire           |    50 |    63 |   102 ||   215
       Apportation       |     1 |       |       ||     1
       Wereblood         |       |       |     5 ||     5
       Ensorcelled Hiber |       |       |     7 ||     7
       Fireball          |       |       |     1 ||     1
       Conjure Flame     |       |       |     1 ||     1
  Use: Scroll            |       |       |    11 ||    11
       Potion            |       |       |     5 ||     5
 Stab: Sleeping          |       |       |     2 ||     2
Armor: Robe              |     9 |       |       ||     9
       Troll leather arm |       |    13 |    34 ||    47
Dodge: Dodged            |    13 |    58 |    90 ||   161

Table legend: (Time is in decaauts)
 A = Elapsed time spent in this place.
 B = Non-inter-level travel time spent in this place.
 C = Inter-level travel time spent in this place.
 D = Time resting spent in this place.
 E = Time spent auto-exploring this place.
 F = Levels seen in this place.
 G = Mean time per level.
                   A        B        C        D        E       F      G
               +--------+--------+--------+--------+--------+-----+--------+
         Total |   5901 |   5777 |    124 |    636 |   3640 |   6 |  983.5 |
       Dungeon |   5463 |   5339 |    124 |    497 |   3481 |   5 | 1092.6 |
         Sewer |    438 |    438 |      0 |    139 |    159 |   1 |  438.0 |
               +--------+--------+--------+--------+--------+-----+--------+

Top non-repeatable levels by time:
     D:3: 1448 daAuts
     D:1: 1347 daAuts
     D:2: 1211 daAuts
     D:4: 1126 daAuts
   Sewer: 438 daAuts
     D:5: 328 daAuts
